 Dungeon Sprint DCSS version 0.30.0-29-ga12c61a403 (webtiles) character file.

Game seed: 18005307128451680052

53348 boopmooplesden the Conqueror (level 14, -1/168 HPs)
             Began as a Minotaur Berserker on June 19, 2023.
             Was the Champion of Trog.
             Killed from afar by a fire giant (17 damage)
             ... with a fireball
             ... in the Dungeon (Sprint IX: "|||||||||||||||||||||||||||||").
             The game lasted 00:09:48 (3276 turns).

boopmooplesden the Conqueror (Minotaur Berserker)   Turns: 3276, Time: 00:09:49

Health: -1/168     AC: 31    Str: 24    XL:     14   Next: 30%
Magic:  13/13      EV: 15    Int:  4    God:    Trog [******]
Gold:   1811       SH:  0    Dex: 19    Spells: 13/13 levels left

rFire   . . .        k - +16 obsidian axe {drain, demonic, Mesm Drain Fly SInv}
rCold   + . .        (no shield)
rNeg    . . .        E - +3 plate armour {rC+}
rPois   .            (helmet restricted)
rElec   .            C - +1 cloak
rCorr   .            m - +0 pair of gloves
SInv    +            x - +0 pair of boots {Fly}
Will    +++..        (no amulet) Stlth
                     o - +3 ring of dexterity
HPRegen 1.48/turn    p - +3 ring of dexterity
MPRegen 0.13/turn

%: no teleportation
@: strong-willed, on berserk cooldown, flying, mesmerised, regenerating, slowed,
very slow
A: horns 2, retaliatory headbutt
a: Renounce Religion, Berserk, Trog's Hand, Brothers in Arms


You were in the Dungeon.
You worshipped Trog.
Trog was exalted by your worship.
You visited 1 branch You collected 1949 gold pieces.
You spent 138 gold pieces at shops.

Inventory:

Hand Weapons
 a - a +0 hand axe
 k - the +16 obsidian axe (weapon) {drain, demonic, Mesm Drain Fly SInv}
   (You found it in the Dungeon)

   Mesm:      Its wielder is mesmerised by any visible foes, and it cannot be
   unequipped while any foes are visible.
   SInv:      It lets you see invisible.
   Fly:       It grants you flight.
   Drain:     It drains your maximum health when unequipped.
 t - a +3 heavy executioner's axe
 B - the +7 great sword of Arbitration {holy, +Blink rPois rN+ rCorr Stlth-}
   (You found it in the Dungeon)

   rPois:     It protects you from poison.
   rN:        It protects you from negative energy.
   +Blink:    It lets you blink.
   rCorr:     It protects you from acid and corrosion.
   Stlth:     It makes you less stealthy.
 F - the +8 executioner's axe "Qoro" {flame, rElec rC+ Dex+3}
   (Trog gifted it to you in the Dungeon)

   Dex:       It affects your dexterity (+3).
   rC:        It protects you from cold.
   rElec:     It insulates you from electricity.
Missiles
 b - 6 javelins (quivered)
Armour
 l - a +0 pair of boots
 m - a +0 pair of gloves (worn)
 n - a +1 chain mail
 u - a +0 cloak
 v - a +2 scale mail of willpower
 w - a +2 plate armour
 x - a +0 pair of boots of flying (worn)
 C - a +1 cloak (worn)
 E - a +3 plate armour of cold resistance (worn)
 G - +0 swamp dragon scales
Jewellery
 o - a +3 ring of dexterity (left hand)
 p - a +3 ring of dexterity (right hand)
 y - a ring of see invisible
 z - a +4 ring of protection
 A - a ring of fire
Wands
 j - a wand of light (10)
Scrolls
 h - a scroll of blinking
 q - 5 scrolls of enchant weapon
 r - 3 scrolls of identify
 s - 2 scrolls of fog
 D - a scroll of fear
Potions
 c - 7 potions of curing
 d - 4 potions of heal wounds
 e - 2 potions of haste
 f - 4 potions of magic
 g - a potion of berserk rage
 i - a potion of invisibility


   Skills:
 O Level 27 Fighting
 O Level 27 Axes
 + Level 5.1 Throwing
 + Level 24.0 Armour
 + Level 11.9 Dodging
 + Level 3.6 Stealth


You had 13 spell levels left.
You didn't know any spells.
Your spell library was empty.

Dungeon Overview and Level Annotations

Branches:
Dungeon (1/1)

Altars:
Cheibriados
Dithmenos
Elyvilon
Fedhas
Gozag
Hepliaklqana
Kikubaaqudgha
Makhleb
Nemelex Xobeh
Okawaru
Qazlal
Ru
Sif Muna
Trog
Uskayaw
Vehumet
Wu Jian
Xom
Yredelemnul
Zin
The Shining One
Jiyva
Lugonu

Shops:
D [:([


Innate Abilities, Weirdness & Mutations

You have a pair of horns on your head.
You reflexively headbutt those who attack you in melee.


Message History

The bolt of fire hits the living spell!!!
The living spell is destroyed!
The bolt of fire hits you!!
The fire giant gestures at you while chanting.
The fireball explodes!
The fireball engulfs you!
You hear a shout!
Things that are here:
a +1 battleaxe of flaming; a +2 great sword of flaming; a fire giant corpse You feel much better.
The fire giant casts a spell at you. The bolt of fire misses you.
A tengu reaver comes into view.
It is wielding a +2 battleaxe of flaming.
The tengu reaver shouts!
The fire giant hits you with a +0 great sword of flaming!
The fire giant burns you.
Things that are here:
a +0 great mace; a +0 chain mail You slash the fire giant!
The fire giant is lightly wounded.
The fire giant hits you with a +0 great sword of flaming!
* * * LOW HITPOINT WARNING * * *
The fire giant burns you!
* * * LOW HITPOINT WARNING * * *
You slice the fire giant!! You headbutt the fire giant.
The fire giant is moderately wounded.
The fire giant hits you with a +0 great sword of flaming!!
* * * LOW HITPOINT WARNING * * *
The fire giant burns you.
* * * LOW HITPOINT WARNING * * *
The walking earthen tome erupts in a flurry of living spells!
You barely miss the fire giant.
The fire giant is moderately wounded.
The white very ugly thing basks in the mutagenic energy from its kin and changes!
The fire giant closely misses you. You furiously retaliate!
You headbutt the fire giant. You slash the fire giant!
The fire giant is heavily wounded.
The fire giant points at you and mumbles some strange words.
The fireball explodes!
The fireball engulfs you!
You die...

▓▓▓▓▓▓▓▓▓▓▓▓▓▓▓▓▓▓▓▓▓▓▓▓
............))))@C;uuCQ.
▓▓▓▓▓▓▓▓▓▓▓▓▓▓▓▓▓▓▓▓▓▓▓▓▓▓▓▓▓▓▓▓▓
........................)........
▓▓▓▓▓▓▓▓▓▓▓▓▓▓▓▓▓▓▓▓▓▓▓▓▓▓▓▓▓▓▓▓▓
..........'))))))†..')).......')†
▓▓▓▓▓▓▓▓▓▓▓▓▓▓▓▓▓▓▓▓▓▓▓▓▓▓▓▓▓▓▓▓▓
.............................))..
▓▓▓▓▓▓▓▓▓▓▓▓▓▓▓▓▓▓▓▓▓▓▓▓▓▓▓▓▓▓▓▓▓
....'...=.)))).))).[.[[[[[[......


You could see a walking earthen tome, 2 very ugly things, a fire giant
(mesmerising), a tengu reaver and an ettin.

Vanquished Creatures
  Saint Roka (D)
  A fire giant (D)
  A frost giant (D)
  A ghost moth (D)
  2 very ugly things (D)
  3 stone giants (D)
  A vampire knight (D)
  Nessos (D)
  A spark wasp (D)
  An eleionoma (D)
  Snorg (D)
  Josephine (D)
  An ettin (D)
  2 hydras (D)
  4 ogre magi (D)
  An anaconda (D)
  Erica (D)
  2 two-headed ogres (D)
  A boulder beetle (D)
  A deep troll shaman (D)
  2 alligators (D)
  A tengu warrior (D)
  Urug (D)
  A death yak (D)
  2 spriggan berserkers (D)
  A naga sharpshooter (D)
  A shock serpent (D)
  Nergalle (D)
  A glowing orange brain (D)
  4 swamp dragons (D)
  An orb spider (D)
  2 spriggan druids (D)
  6 deep trolls (D)
  3 orc knights (D)
  A steelbarb worm (D)
  A naga ritualist (D)
  A lindwurm (D)
  2 ugly things (D)
  2 orc sorcerers (D)
  A deep elf pyromancer (D)
  A mana viper (D)
  A salamander (shapeshifter) (D)
  2 manticores (D)
  An elephant (D)
  A merfolk siren (D)
  A black mamba (D)
  3 demonic crawlers (D)
  2 torpor snails (D)
  3 cane toads (D)
  A rime drake (shapeshifter) (D)
  A rime drake (D)
  A komodo dragon (D)
  3 tengu conjurers (D)
  7 polar bears (D)
  3 trolls (D)
  A merfolk (D)
  3 wind drakes (D)
  A hornet (D)
  2 snapping turtles (D)
  A wyvern (D)
  4 wraiths (D)
  A yak (D)
  Grum (D)
  A basilisk (D)
  A redback (D)
  4 nagas (D)
  2 water moccasins (D)
  2 black bears (D)
  10 orc warriors (D)
  A tengu (shapeshifter) (D)
  2 centaurs (D)
  5 wolves (D)
  A kobold brigand (D)
  A scorpion (D)
  2 orc priests (D)
  2 iguanas (D)
  5 orc wizards (D)
  An adder (D)
  A white imp (D)
  7 orcs (D)
  An endoplasm (D)
  A kobold (D)
  A quokka (D)
  A bat (D)
  A frilled lizard (D)
161 creatures vanquished.

Vanquished Creatures (collateral kills)
  A fire giant (D)
  A rakshasa (D)
  A deep troll earth mage (D)
  An orc warrior (D)
4 creatures vanquished.

Grand Total: 165 creatures vanquished

Notes
Turn   | Place    | Note
-------+----------+-------------------------------------------
     0 | D        | boopmooplesden the Minotaur Berserker began the quest for
                  | the Orb.
     0 | D        | Reached XP level 1. HP: 19/19 MP: 0/0
    13 | D        | Reached ** piety under Trog
    58 | D        | Noticed a scorpion
    58 | D        | Noticed an iguana
    58 | D        | Noticed an iguana
    63 | D        | Reached skill level 5 in Fighting
    63 | D        | Reached skill level 5 in Axes
    63 | D        | Reached XP level 2. HP: 16/29 MP: 1/1
    64 | D        | Killed a scorpion
    64 | D        | Reached *** piety under Trog
    65 | D        | Reached XP level 3. HP: 22/38 MP: 2/2
    65 | D        | Reached XP level 4. HP: 26/45 MP: 3/3
   189 | D        | Found a snail-covered altar of Cheibriados.
   189 | D        | Found a shadowy altar of Dithmenos.
   189 | D        | Found a white marble altar of Elyvilon.
   189 | D        | Found a blossoming altar of Fedhas.
   189 | D        | Found an opulent altar of Gozag.
   190 | D        | Found a hazy altar of Hepliaklqana.
   191 | D        | Found a viscous altar of Jiyva.
   192 | D        | Found an ancient bone altar of Kikubaaqudgha.
   193 | D        | Found a corrupted altar of Lugonu.
   194 | D        | Found a burning altar of Makhleb.
   195 | D        | Found a sparkling altar of Nemelex Xobeh.
   196 | D        | Found an iron altar of Okawaru.
   197 | D        | Found a stormy altar of Qazlal.
   198 | D        | Found a sacrificial altar of Ru.
   199 | D        | Found a shimmering blue altar of Sif Muna.
   200 | D        | Found a bloodstained altar of Trog.
   201 | D        | Found a hide-covered altar of Uskayaw.
   202 | D        | Found a radiant altar of Vehumet.
   203 | D        | Found an ornate altar of the Wu Jian Council.
   204 | D        | Found a shimmering altar of Xom.
   205 | D        | Found a basalt altar of Yredelemnul.
   206 | D        | Found a glowing silver altar of Zin.
   207 | D        | Found a glowing golden altar of the Shining One.
   215 | D        | Found the +16 obsidian axe {drain, demonic, Mesm Drain Fly
                  | SInv}
   258 | D        | Noticed a two-headed ogre
   258 | D        | Noticed a wraith
   258 | D        | Noticed an orc warrior
   258 | D        | Noticed a two-headed ogre
   258 | D        | Noticed a kobold brigand
   258 | D        | Noticed a hornet
   263 | D        | Killed a two-headed ogre
   263 | D        | Reached **** piety under Trog
   264 | D        | Reached XP level 5. HP: 63/63 MP: 4/4
   264 | D        | Reached XP level 6. HP: 71/71 MP: 5/5
   264 | D        | Reached XP level 7. HP: 78/78 MP: 6/6
   265 | D        | Killed a wraith
   267 | D        | Killed a two-headed ogre
   268 | D        | Reached XP level 8. HP: 59/89 MP: 7/7
   273 | D        | Reached skill level 15 in Axes
   277 | D        | Killed a hornet
   449 | D        | Noticed a troll
   449 | D        | Noticed a cyan ugly thing
   449 | D        | Noticed a purple ugly thing
   449 | D        | Noticed a rime drake
   455 | D        | Killed a cyan ugly thing
   456 | D        | Reached skill level 15 in Fighting
   456 | D        | Reached XP level 9. HP: 97/97 MP: 8/8
   456 | D        | Killed a troll
   456 | D        | Reached ***** piety under Trog
   460 | D        | Killed a purple ugly thing
   461 | D        | Reached skill level 10 in Armour
   464 | D        | Killed a rime drake
   582 | D        | Noticed a komodo dragon
   582 | D        | Noticed a boulder beetle
   582 | D        | Noticed a cane toad
   582 | D        | Noticed a polar bear
   582 | D        | Noticed a torpor snail
   587 | D        | Killed a komodo dragon
   589 | D        | Noticed a cane toad
   593 | D        | Killed a cane toad
   598 | D        | Killed a polar bear
   599 | D        | Reached XP level 10. HP: 93/108 MP: 9/9
   601 | D        | Killed a torpor snail
   603 | D        | Reached ****** piety under Trog
   603 | D        | Received a gift from Trog
   606 | D        | Killed a boulder beetle
   607 | D        | Killed a cane toad
   840 | D        | Noticed an elephant
   840 | D        | Noticed a black mamba
   840 | D        | Noticed a lindwurm
   840 | D        | Noticed a cane toad
   843 | D        | Killed an elephant
   846 | D        | Killed a black mamba
   851 | D        | Killed a lindwurm
   852 | D        | Noticed a death yak
   854 | D        | Killed a cane toad
   854 | D        | Received a gift from Trog
   862 | D        | Killed a death yak
   863 | D        | Reached XP level 11. HP: 115/119 MP: 10/10
   909 | D        | Received a gift from Trog
  1020 | D        | Noticed Urug
  1026 | D        | Killed Urug
  1026 | D        | Received a gift from Trog
  1027 | D        | Reached skill level 1 in Stealth
  1061 | D        | Noticed Erica
  1067 | D        | Killed Erica
  1068 | D        | Reached skill level 15 in Armour
  1105 | D        | Received a gift from Trog
  1115 | D        | Received a gift from Trog
  1151 | D        | Noticed an orc sorcerer
  1151 | D        | Noticed an orc knight
  1154 | D        | Killed an orc sorcerer
  1158 | D        | Noticed an orc knight
  1162 | D        | Killed an orc knight
  1164 | D        | Received a gift from Trog
  1172 | D        | Killed an orc knight
  1246 | D        | Found Ravvosch's Antique Armour Emporium.
  1246 | D        | Noticed a deep troll
  1246 | D        | Noticed a stone giant
  1246 | D        | Noticed an ogre mage
  1246 | D        | Noticed an ettin
  1246 | D        | Noticed a deep troll
  1248 | D        | Killed a deep troll
  1248 | D        | Received a gift from Trog
  1249 | D        | Noticed an ogre mage
  1253 | D        | Killed a stone giant
  1255 | D        | Found Hacloiqi's Book Shoppe.
  1257 | D        | Killed an ogre mage
  1260 | D        | Killed an ettin
  1261 | D        | Reached XP level 12. HP: 112/134 MP: 11/11
  1261 | D        | Noticed an ogre mage
  1268 | D        | Found Umivaeth's Weapon Emporium.
  1269 | D        | Killed an ogre mage
  1272 | D        | Killed an ogre mage
  1274 | D        | Found Goarchy's Armour Shoppe.
  1287 | D        | Received a gift from Trog
  1311 | D        | Bought a +0 pair of boots of flying for 138 gold pieces
  1532 | D        | Noticed Josephine
  1542 | D        | Killed Josephine
  1542 | D        | Received a gift from Trog
  1613 | D        | Got the +7 great sword of Arbitration {holy, +Blink rPois
                  | rN+ rCorr Stlth-}
  1657 | D        | Noticed an ogre mage
  1657 | D        | Noticed a four-headed hydra
  1664 | D        | Killed an ogre mage
  1665 | D        | Reached skill level 1 in Throwing
  1665 | D        | Reached skill level 10 in Dodging
  1666 | D        | Killed a six-headed hydra
  1667 | D        | Noticed an eight-headed hydra
  1672 | D        | Received a gift from Trog
  1673 | D        | Noticed a green very ugly thing
  1674 | D        | Noticed a stone giant
  1679 | D        | Noticed a green very ugly thing
  1681 | D        | Killed a ten-headed hydra
  1682 | D        | Noticed a deep troll shaman
  1691 | D        | Killed a green very ugly thing
  1694 | D        | Killed a stone giant
  1703 | D        | Killed a green very ugly thing
  1703 | D        | Received a gift from Trog
  1706 | D        | Killed a deep troll shaman
  1707 | D        | Reached XP level 13. HP: 36/150 MP: 12/12
  1897 | D        | Noticed a stone giant
  1905 | D        | Killed a stone giant
  2223 | D        | Noticed Saint Roka
  2226 | D        | Noticed Grum
  2230 | D        | Received a gift from Trog
  2239 | D        | Killed Saint Roka
  2241 | D        | Killed Grum
  2333 | D        | Noticed Snorg
  2343 | D        | Killed Snorg
  2345 | D        | Noticed Nergalle
  2352 | D        | Killed Nergalle
  2352 | D        | Received a gift from Trog
  2570 | D        | Received a gift from Trog
  2676 | D        | Received a gift from Trog
  2895 | D        | Noticed a spark wasp
  2896 | D        | Noticed a ghost moth
  2901 | D        | Killed a spark wasp
  2909 | D        | Received a gift from Trog
  2920 | D        | Killed a ghost moth
  3057 | D        | Noticed an eleionoma
  3060 | D        | Received a gift from Trog
  3080 | D        | Killed an eleionoma
  3085 | D        | Identified the +8 executioner's axe "Qoro" {flame, rElec
                  | rC+ Dex+3} (Trog gifted it to you in the Dungeon)
  3085 | D        | Received a gift from Trog
  3088 | D        | Reached XP level 14. HP: 166/166 MP: 13/13
  3091 | D        | Reached skill level 27 in Fighting
  3167 | D        | Noticed Nessos
  3172 | D        | Killed Nessos
  3226 | D        | Noticed a frost giant
  3226 | D        | Noticed a fire giant
  3230 | D        | Noticed a vampire knight
  3239 | D        | Killed a frost giant
  3239 | D        | Received a gift from Trog
  3240 | D        | Reached skill level 27 in Axes
  3245 | D        | Killed a fire giant
  3245 | D        | Noticed a fire giant
  3247 | D        | Noticed a fire giant
  3247 | D        | Paralysed by a vampire knight for 4 turns
  3251 | D        | Noticed a walking earthen tome
  3253 | D        | Noticed a white very ugly thing
  3255 | D        | Killed a vampire knight
  3255 | D        | Received a gift from Trog
  3265 | D        | Killed a fire giant
  3266 | D        | Reached skill level 5 in Throwing
  3268 | D        | Noticed a white very ugly thing
  3272 | D        | Noticed a tengu reaver
  3276 | D        | Killed from afar by a fire giant

Illustrated notes

Levels and vault maps discovered:
D:        linesprint [early_d, line_temple, items_1, d_10, items_2, lair_1,
          lair_end, items_3, orc_1, orc_end, items_4, d_15, swamp_1, shoals_1,
          snake_1, spider_1, d_20, vaults_1, items_5, swamp_end, shoals_end,
          snake_end, spider_end, vaults_end, d_27, items_6, zot_1, zot_end,
          crypt_end, forest_end, elf_end, slime_end, tomb_end, abyss_end,
          pan_hell_end]

Skill      XL: |  1  2  3  4  5  6  7  8  9 10 11 12 13 14 |
---------------+-------------------------------------------+-----
Fighting       | 5 6 12 14 15 16 18 20 24 26 27 | 27.0
Axes           | 5 7 12 14 16 18 20 22 24 26 27 | 27.0
Armour         | 3 6 8 9 11 13 16 18 22 24 | 24.0
Dodging        | 3 6 7 8 9 10 11 | 11.9
Stealth        | 1 2 3 |  3.6
Throwing       | 1 3 5 |  5.1

Action                     |  1- 3 |  4- 6 |  7- 9 | 10-12 | 13-15 || total
---------------------------+-------+-------+-------+-------+-------++-------
  Melee: Hand axe          |    17 |     8 |       |       |       ||    25
         Headbutt          |     1 |     4 |    10 |    42 |    36 ||    93
         Broad axe         |       |     4 |    40 |   192 |   177 ||   413
         Punch             |       |       |       |     7 |     5 ||    12
  Throw: Javelin           |       |       |       |     2 |     4 ||     6
 Invoke: Berserk           |     2 |     1 |     1 |     4 |     6 ||    14
         Trog's Hand       |       |       |       |     3 |     1 ||     4
    Use: Scroll            |       |       |       |     3 |     1 ||     4
         Potion            |       |       |       |     4 |     3 ||     7
   Stab: Distracted        |       |       |       |       |     1 ||     1
 Armour: Animal skin       |     3 |       |       |       |       ||     3
         Chain mail        |       |       |    15 |    19 |       ||    34
         Scale mail        |       |       |       |     7 |       ||     7
         Plate armour      |       |       |       |    37 |    68 ||   105
  Dodge: Dodged            |     7 |     4 |    20 |    79 |    92 ||   202
